 Dungeon Crawl Stone Soup version 0.30-a0-335-ge5acde7520 (webtiles) character file.

Game seed: 1436541459296085201

16 jfcaron the Chopper (level 2, -1/26 HPs)
             Began as a Gnoll Reaver on Oct 30, 2022.
             Killed from afar by Robin (10 damage)
             ... with a puff of flame
             ... on level 2 of the Dungeon.
             The game lasted 00:01:55 (1008 turns).

jfcaron the Chopper (Gnoll Reaver)                  Turns: 1008, Time: 00:01:56

Health: -1/26      AC:  7    Str: 11    XL:     2   Next: 58%
Magic:  7/7        EV: 11    Int: 12    God:
Gold:   11         SH:  0    Dex: 10    Spells: 9/10 levels left

rFire   . . .      SeeInvis .    a - +0 hand axe
rCold   . . .      Faith    .    (no shield)
rNeg    . . .      Spirit   .    h - +0 ring mail
rPois   .          Reflect  .    (no helmet)
rElec   .          Harm     .    (no cloak)
rCorr   .          Rampage  .    (no gloves)
Will    .....                    (no boots)
Stlth   +.........               (no amulet)
HPRegen 0.24/turn                (no ring)
MPRegen 0.10/turn                (no ring)

@: flying, unable to drink
A: fangs 1, strong nose, distributed training, claws 1, iridescent scales 1,
mutation resistance 1, inability to drink after injury 1
a: no special abilities


You were on level 2 of the Dungeon.
You visited 1 branch of the dungeon, and saw 2 of its levels.

You collected 66 gold pieces.
You spent 55 gold pieces at shops.

Inventory:

Hand Weapons
 a - a +0 hand axe (weapon)
Missiles
 d - 4 boomerangs (quivered)
 f - 5 poisoned darts
Armour
 b - a +0 leather armour
 h - a +0 ring mail (worn)
Scrolls
 e - a scroll of blinking {unknown}
 i - a scroll of teleportation
Potions
 c - a potion of curing


   Skills:
 + Level 4.5 Fighting
 + Level 0.5 Short Blades
 + Level 0.5 Long Blades
 + Level 6.5 Axes
 + Level 0.5 Maces & Flails
 + Level 0.5 Polearms
 + Level 0.5 Staves
 + Level 0.5 Ranged Weapons
 + Level 0.5 Throwing
 + Level 0.5 Armour
 + Level 4.5 Dodging
 + Level 0.5 Stealth
 + Level 0.5 Shields
 + Level 0.5 Unarmed Combat
 + Level 4.9 Spellcasting
 + Level 5.3 Conjurations
 + Level 0.3 Hexes
 + Level 0.3 Summonings
 + Level 0.3 Necromancy
 + Level 0.3 Translocations
 + Level 0.3 Transmutations
 + Level 0.3 Fire Magic
 + Level 0.3 Ice Magic
 + Level 0.3 Air Magic
 + Level 0.3 Earth Magic
 + Level 0.3 Poison Magic
 + Level 0.6 Invocations
 + Level 0.5 Evocations


You had 9 spell levels left.
You knew the following spells:

 Your Spells              Type           Power      Damage    Failure   Level
a - Kiss of Death         Conj/Necr      36%        2d8       16%         1

Your spell library contained the following spells:

 Spells                   Type           Power      Damage    Failure   Level
 Momentum Strike          Conj/Tloc      18%        3d8       22%         2
 Freeze                   Ice            12%        1d3       38%         1
 Hailstorm                Conj/Ice       9%         3d4       41%         3
 Frozen Ramparts          Ice            6%         1d1       77%         3


Dungeon Overview and Level Annotations

Branches:
Dungeon (2/15)

Altars:

Shops:
D:1 ?

Annotations:
D:2 Robin


Innate Abilities, Weirdness & Mutations

You have very sharp teeth.
Your uncanny sense of smell can sniff out nearby items.
Your experience applies equally to all skills.
You have sharp fingernails.
You are partially covered in iridescent scales. (AC +2)
You are somewhat resistant to further mutation.
You occasionally lose the ability to drink potions when taking damage.


Message History

It was a potion of flight.
You feel very buoyant.
You fly up into the air.
The hobgoblin barely misses you.
It was a potion of mutation.
You feel extremely strange.
Iridescent scales grow over part of your body.
Your fingernails lengthen.
You occasionally lose the ability to drink potions when taking damage.
You feel genetically stable. The hobgoblin completely misses you.
You hit the hobgoblin.
The hobgoblin is severely wounded.
The hobgoblin barely misses you.
You hit the hobgoblin.
You kill the hobgoblin!
You hit the goblin.
The goblin is heavily wounded.
The goblin closely misses you.
You closely miss the goblin.
The goblin is heavily wounded.
The goblin no longer looks unusually strong.
The goblin barely misses you.
You hit the goblin but do no damage. You bite the goblin.
You kill the goblin!
You closely miss Robin.
Robin zaps a wand.
The puff of flame hits you!
You hit Robin.
Robin is moderately wounded.
Robin roars a battlecry!
You hear a shout! x5
You hit Robin but do no damage. You claw Robin, but do no damage.
Robin is moderately wounded.
Robin barely misses you.
You hit Robin but do no damage.
Robin is moderately wounded.
Robin zaps a wand.
The puff of flame hits you.
You feel threatened and lose the ability to drink potions!
You are too injured to fight recklessly!
You barely miss Robin.
Robin is moderately wounded.
Robin zaps a wand.
The puff of flame hits you!
You die...

##...## #.....# #..##.#####
###.....#...#
#.......#.#.###
##.#.###...#...# #######
#..#.# #.#####.##.......#
#....###g#......+.......#
#....g..#@.#...##.......#
###.##g####.##.##.........#
#...g..# #....['.........#
#..g#### #######.........#
#gg. #.........# #...
#.........# #..g
#.........# #.gg
###^...####.. #g..
#........#


You could see Robin.

Vanquished Creatures
  2 ball pythons (D:1)
  An endoplasm (D:1)
  3 goblins
  3 hobgoblins
  A quokka (D:1)
  A bat (D:1)
  2 frilled lizards
  2 rats (D:1)
15 creatures vanquished.

Notes
Turn   | Place    | Note
-------+----------+-------------------------------------------
     0 | D:1      | jfcaron the Gnoll Reaver began the quest for the Orb.
     0 | D:1      | Reached XP level 1. HP: 20/20 MP: 6/6
   142 | D:1      | Reached XP level 2. HP: 22/26 MP: 7/7
   524 | D:1      | Found Qufyahow's Magic Scroll Shop.
   533 | D:1      | Bought a scroll of identify for 22 gold pieces
   533 | D:1      | Bought a scroll of teleportation for 33 gold pieces
   983 | D:2      | Noticed Robin
   998 | D:2      | Gained mutation: You are partially covered in iridescent
                  | scales. (AC +2) [potion of mutation]
   998 | D:2      | Gained mutation: You have sharp fingernails. [potion of
                  | mutation]
   998 | D:2      | Gained mutation: You occasionally lose the ability to drink
                  | potions when taking damage. [potion of mutation]
   998 | D:2      | Gained mutation: You are somewhat resistant to further
                  | mutation. [potion of mutation]
  1008 | D:2      | Killed from afar by Robin

Illustrated notes

Levels and vault maps discovered:
D:1:      ebering_trefoil_3fold, layout_basic, serial_shops,
          nicolae_shop_crystal, amcnicky_mini_rare_corridor_liquid
D:2:      layout_basic, basic_altar, uniq_jessica, uniq_robin

Action                   || total
-------------------------++-------
Melee: Hand axe          ||    63
       Bite              ||     3
       Punch             ||     1
Throw: Stone             ||     5
       Boomerang         ||     3
  Use: Potion            ||     2
       Scroll            ||     1
 Stab: Sleeping          ||     1
Armor: Leather armour    ||     4
       Ring mail         ||     2
Dodge: Dodged            ||    39

Table legend: (Time is in decaauts)
 A = Elapsed time spent in this place.
 B = Non-inter-level travel time spent in this place.
 C = Inter-level travel time spent in this place.
 D = Time resting spent in this place.
 E = Time spent auto-exploring this place.
 F = Levels seen in this place.
 G = Mean time per level.
                   A        B        C        D        E       F      G
               +--------+--------+--------+--------+--------+-----+--------+
         Total |   1007 |    954 |     53 |      3 |    822 |   2 |  503.5 |
       Dungeon |   1007 |    954 |     53 |      3 |    822 |   2 |  503.5 |
               +--------+--------+--------+--------+--------+-----+--------+

Top non-repeatable levels by time:
     D:1: 913 daAuts
     D:2: 94 daAuts
